[Event "*** SCC Grand Prix: Titled Tuesday Blitz"]
[Site "Chess.com"]
[Date "2020.06.23"]
[Round "1"]
[White "Phriex"]
[Black "MarcoRiehle"]
[Result "1/2-1/2"]
[WhiteElo "2374"]
[BlackElo "2703"]
[TimeControl "180+1"]
[EndTime "10:10:40 PDT"]
[Termination "Game drawn by stalemate"]

1. d4 d5 2. c4 e6 3. Nf3 Nf6 4.
e3 c6 5. b3 Bd6 6. Bb2 O-O 7.
Bd3 Nbd7 8. O-O b6 9. Nc3 Bb7 10. Qc2 Rc8 11. e4 dxe4 12. Nxe4 Nxe4 13. Bxe4 Nf6 14.
c5 Bb8 15. Rfd1 h6 16. Rac1 Nxe4 17. Qxe4 Qd5 18. Qe3 Rfd8 19. Qc3 Bf4 20. Rc2 Qh5 21. h3 Rd5 22. cxb6 axb6 23. Qb4 b5 24. Rc5 Bd6 25. Rxd5 Qxd5 26. Qe1 Rd8 27. Rc1 Bf4 28. Rc5 Qd7 29. Qe4 Bd6 30. Ne5 Bxe5 31. Qxe5 Qd6 32. Qe3 Ra8 33. a3 Rd8 34. Qe5 Qxe5 35. Rxe5 Kf8 36.
Kf1 Ke7 37. Ke2 Ba6 38. Kd2 f6 39. Rc5 Bb7 40. Bc3 e5 41. Ke3 exd4+ 42. Bxd4 Ra8 43. Rc3 Kf7 44. Bc5 Bc8 45. Rd3 Be6 46. Rd6 Re8 47. Kd4 Bd5 48. Rd7+ Kg6 49. f3 Bxb3 50. Rc7 Bd5 51. h4 Rd8 52. Be7 Re8 53. Bc5 h5 54.
Re7 Rd8 55. Rc7 Bxf3+ 56. Ke3 Bxg2 57. Kf4 Bd5 58. Be7 Re8 59. Bc5 Re4+ 60. Kg3 Rg4+ 61. Kh3 Be6 62. Bf8 Kh7 63. Rxc6 Ra4+ 64. Rxe6 Kg8 65.
Bb4 Kf7 66. Rb6 g5 67. hxg5 fxg5 68. Rxb5 Kg6 69. Rc5 Ra8 70. Rc6+ Kf5 71. Rc5+ Kf4 72. Rc4+ Kf3 73. Rc3+ Ke4 74. Rc5 Rg8 75. Kg3 h4+ 76.
Kg4 Rh8 77. Rxg5 h3 78. Bd6 h2 79. Bxh2 Rxh2 80. Ra5 Rg2+ 81. Kh3 Rg8 82. Ra7 Rf8 83. Kg3 Ke3 84. Re7+ Kd4 85. Ra7 Rg8+ 86. Kf4 Rb8 87.
Rd7+ Kc5 88. Ra7 Rf8+ 89. Ke4 Kb6 90. Rd7 Rh8 91. Rd3 Rh4+ 92. Ke3 Kc5 93. Kd2 Kc4 94. Rc3+ Kd4 95. Kc2 Rh1 96. Kb3 Rb1+ 97. Kc2 Rb8 98. Rc7 Rh8 99. Kb3 Rh1 100. a4 Rb1+ 101. Ka3 Kd5 102. Rc2 Ra1+ 103. Kb4 Rb1+ 104. Ka5 Kd6 105. Rc8 Kd7 106.
Rc2 Rb3 107. Ka6 Rh3 108. a5 Rb3 109. Ka7 Rb1 110. a6 Rb3 111. Rc5 Rb1 112. Ka8 Rb2 113. Rh5 Kc7 114. a7 Rc2 115. Rh7+ Kc8 116. Rh8+ Kc7 117. Rh7+ Kc8 118. Rh8+ Kc7 119. Rc8+ Kxc8 1/2-1/2

[Event "*** SCC Grand Prix: Titled Tuesday Blitz"]
[Site "Chess.com"]
[Date "2020.06.23"]
[Round "1"]
[White "j_coca"]
[Black "Smile2005"]
[Result "1/2-1/2"]
[WhiteElo "2197"]
[BlackElo "2537"]
[TimeControl "180+1"]
[EndTime "10:11:03 PDT"]
[Termination "Game drawn - insufficient material"]

1. f4 d5 2. Nf3 Bf5 3. g3 c6 4. Bg2 e6 5. O-O h6 6. d3 Nf6 7. c3 Be7 8. Qc2 Nbd7 9. Nbd2 O-O 10. e4 Bh7 11. e5 Ng4 12. Nb3 Nc5 13. Nxc5 Bxc5+ 14. Kh1 Ne3 15. Bxe3 Bxe3 16. Qe2 Bb6 17. d4 c5 18. g4 cxd4 19. Nxd4 Bxd4 20. cxd4 Rc8 21. Rac1 Rxc1 22. Rxc1 Qb6 23. Qf2 Qb4 24. a3 Qb3 25. f5 Qd3 26. f6 g5 27. h3 Bg6 28.
Rc3 Qd1+ 29. Kh2 b5 30. Bf3 Qb1 31. Rc7 a5 32. Kg3 b4 33. axb4 axb4 34. Qd2 Qg1+ 35. Bg2 Be4 36. Rc1 Qxg2+ 37. Qxg2 Bxg2 38. Kxg2 Ra8 39. Rc2 Ra2 40. h4 gxh4 41. Kh3 b3 42. Rd2 Ra4 43. Kxh4 Rc4 44. Rd3 Rb4 45. Kh5 Kh7 46. g5 hxg5 47. Kxg5 Kg8 48. Kf4 Kf8 49. Ke3 Kg8 50. Kd2 Rc4 51. Rxb3 Rxd4+ 52. Kc3 Re4 53. Rb8+ Kh7 54. b4 Rxe5 55. b5 Re1 56. Kd4 Kg6 57. Kc5 Kxf6 58. Kd6 Rc1 59. b6 d4 60. b7 Rb1 61. Kc7 Ke5 62. Rd8 Rxb7+ 63. Kxb7 f5 64.
Kc6 Ke4 65. Kc5 e5 66. Kc4 f4 67. Rf8 f3 68. Rf7 Ke3 69. Kd5 e4 70. Rf4 f2 71.
Rxe4+ Kf3 72. Re8 d3 73. Rf8+ Ke2 74. Re8+ Kd2 75. Rf8 Ke1 76. Re8+ Kd2 77. Rf8 Ke3 78. Re8+ Kf3 79. Rf8+ Kg2 80. Rg8+ Kf1 81. Kc4 d2 82.
Rd8 Ke1 83. Re8+ Kd1 84. Rf8 Kc1 85. Rxf2 d1=Q 86. Ra2 Qf1+ 87. Kc3 Qf3+ 88. Kb4 Qf4+ 89. Kb3 Qf7+ 90. Ka3 Qa7+ 91. Kb3 Qb7+ 92. Ka3 Kb1 93. Rd2 Qa6+ 94. Kb3 Qe6+ 95. Kc3 Kc1 96. Rc2+ Kd1 97. Rd2+ Ke1 98. Rb2 Qe3+ 99. Kc2 Qe4+ 100. Kc3 Kd1 101. Rd2+ Kc1 102. Rd4 Qe3+ 103. Kc4 Qe6+ 104. Kc5 Kc2 105. Rc4+ Kd3 106. Rd4+ Kc3 107. Rd5 Qe7+ 108. Rd6 Kb3 109. Kd5 Kc3 110. Rc6+ Kd3 111. Rd6 Qf7+ 112. Ke5+ Ke3 113. Re6 Qf4+ 114. Kd5+ Kd3 115. Rd6 Kc3 116. Rc6+ Kb4 117. Rb6+ Ka5 118. Re6 Qf3+ 119. Kd6 Qd1+ 120. Ke7 Qf1 121. Kd6 Qd1+ 122. Ke5 Qe1+ 123. Kd6 Qh4 124. Ke5 Kb4 125. Rd6 Qg3+ 126. Kd5 Qxd6+ 127. Kxd6 1/2-1/2

[Event "*** SCC Grand Prix: Titled Tuesday Blitz"]
[Site "Chess.com"]
[Date "2020.06.23"]
[Round "2"]
[White "AradNazari"]
[Black "felipelobo"]
[Result "1-0"]
[WhiteElo "2393"]
[BlackElo "2095"]
[TimeControl "180+1"]
[EndTime "10:12:37 PDT"]
[Termination "AradNazari won by resignation"]

1. e4 c5 2. Nf3 d6 3. d4 cxd4 4. Nxd4 Nf6 5. Nc3 a6 6. Bg5 e6 7. f4 Qb6 8. a3 Qxb2 9. Na4 Qxa1 10. Qxa1 Nxe4 11. Nb6 1-0

[Event "*** SCC Grand Prix: Titled Tuesday Blitz"]
[Site "Chess.com"]
[Date "2020.06.23"]
[Round "2"]
[White "WiktoriaPOL"]
[Black "RusPakhom"]
[Result "0-1"]
[WhiteElo "1938"]
[BlackElo "2372"]
[TimeControl "180+1"]
[EndTime "10:13:12 PDT"]
[Termination "RusPakhom won by resignation"]

1. c4 e5 2. Nc3 d6 3. Nf3 g6 4. d4 Nd7 5. dxe5 Nxe5 6. Nxe5 dxe5 7.
Qxd8+ Kxd8 8. g3 c6 9. Bg2 Be6 10. b3 Kc7 11. Bb2 f6 12. O-O-O Ne7 13. Ba3 Nf5 14. e3 Bxa3+ 15. Kc2 Rad8 16. Rd4 exd4 0-1

[Event "*** SCC Grand Prix: Titled Tuesday Blitz"]
[Site "Chess.com"]
[Date "2020.06.23"]
[Round "2"]
[White "czasnaszachy"]
[Black "Iskusnyh"]
[Result "0-1"]
[WhiteElo "2252"]
[BlackElo "2458"]
[TimeControl "180+1"]
[EndTime "10:13:46 PDT"]
[Termination "Iskusnyh won by resignation"]

1. d4 d5 2. c4 c6 3. Nc3 Nf6 4. Nf3 a6 5. e3 e6 6. cxd5 exd5 7. Bd3 Bd6 8. O-O Nbd7 9. b3 O-O 10. a4 a5 11. Ba3 Bxa3 12. Rxa3 Re8 13. Ne2 Ne4 14. Qc2 Ndf6 15. Nd2 Bf5 16. f3 Nxd2 17. Qxd2 Bxd3 18. Qxd3 Qe7 19. Kf2 Qxa3 0-1

[Event "*** SCC Grand Prix: Titled Tuesday Blitz"]
[Site "Chess.com"]
[Date "2020.06.23"]
[Round "2"]
[White "realmadridtv"]
[Black "Irina_Barchuk"]
[Result "1-0"]
[WhiteElo "2433"]
[BlackElo "2196"]
[TimeControl "180+1"]
[EndTime "10:13:46 PDT"]
[Termination "realmadridtv won by resignation"]

1. d4 Nf6 2. c4 g6 3. g3 Bg7 4. Bg2 O-O 5. Nc3 d6 6. Nf3 Nc6 7. O-O Bf5 8. d5 Na5 9. Nh4 Bd7 10. b3 Nxd5 11. Nxd5 Bxa1 12. Bd2 c6 13. Bxa5 Qxa5 14.
Nxe7+ Kh8 15. Qxa1+ f6 16. Nexg6+ hxg6 17. Nxg6+ Kg7 18.
Nxf8 Rxf8 19. Rd1 Qc5 20. Qd4 Bf5 21. Qxd6 Qa3 22. Qxa3 1-0

[Event "*** SCC Grand Prix: Titled Tuesday Blitz"]
[Site "Chess.com"]
[Date "2020.06.23"]
[Round "2"]
[White "MVM2008"]
[Black "MF1966Idrisov"]
[Result "1-0"]
[WhiteElo "1983"]
[BlackElo "2344"]
[TimeControl "180+1"]
[EndTime "10:13:57 PDT"]
[Termination "MVM2008 won by resignation"]

1. e4 d5 2. exd5 Qxd5 3. Nc3 Qd6 4. Nf3 a6 5. d4 Nf6 6. Bd3 Bg4 7. h3 Bh5 8. O-O e6 9. Bg5 Be7 10. Re1 O-O 11. Qe2 Nc6 12. Ne4 Nxe4 13. Qxe4 Bg6 14.
Bxe7 Qxe7 15. Qe2 Qb4 16. Bxg6 hxg6 17. c3 Qd6 18. Qe4 Qd5 19. Qh4 Qg5 20. Nxg5 1-0

[Event "*** SCC Grand Prix: Titled Tuesday Blitz"]
[Site "Chess.com"]
[Date "2020.06.23"]
[Round "2"]
[White "obliviate12"]
[Black "MatyChess1"]
[Result "1-0"]
[WhiteElo "2844"]
[BlackElo "2546"]
[TimeControl "180+1"]
[EndTime "10:13:58 PDT"]
[Termination "obliviate12 won by resignation"]

1. Nf3 Nf6 2. g3 d5 3. Bg2 Bf5 4. O-O e6 5. c4 c6 6. d3 dxc4 7.
dxc4 Qxd1 8. Rxd1 h6 9. b3 Bc2 10. Rd2 Bh7 11. Bb2 Nbd7 12. Nc3 Bb4 13. Rad1 Bxc3 14. Bxc3 Ne4 15. Bxg7 Nef6 1-0

[Event "*** SCC Grand Prix: Titled Tuesday Blitz"]
[Site "Chess.com"]
[Date "2020.06.23"]
[Round "2"]
[White "exoticprincess"]
[Black "GiorgianBarbosa"]
[Result "1-0"]
[WhiteElo "2786"]
[BlackElo "2516"]
[TimeControl "180+1"]
[EndTime "10:14:12 PDT"]
[Termination "exoticprincess won by resignation"]

1. d4 Nf6 2. c4 g6 3. Nc3 Bg7 4. e4 O-O 5. Be2 c6 6. h4 d5 7. e5 Ne4 8. h5 Nxc3 9. bxc3 c5 10.
hxg6 hxg6 11. Nf3 cxd4 12. Qxd4 dxc4 13. Qh4 Re8 14. Qh7+ Kf8 15. Bh6 1-0

[Event "*** SCC Grand Prix: Titled Tuesday Blitz"]
[Site "Chess.com"]
[Date "2020.06.23"]
[Round "2"]
[White "VladimirBugayev"]
[Black "yamalchess"]
[Result "0-1"]
[WhiteElo "2265"]
[BlackElo "2467"]
[TimeControl "180+1"]
[EndTime "10:14:26 PDT"]
[Termination "yamalchess won by checkmate"]

1. e4 e5 2. Nf3 Nc6 3. Nc3 Nf6 4. d4 exd4 5. Nxd4 Bb4 6. Nxc6 bxc6 7. Bd3 d5 8. exd5 Qe7+ 9. Qe2 Qxe2+ 10. Kxe2 Bxc3 11.
bxc3 cxd5 12. Ba3 c6 13. c4 Be6 14. cxd5 Nxd5 15. Kd2 Rd8 16. g3 Nb6 17. Kc3 Na4+ 18. Kb4 Rd4+ 19. Ka5 Nb6 20. Bb2 Ra4# 0-1

[Event "*** SCC Grand Prix: Titled Tuesday Blitz"]
[Site "Chess.com"]
[Date "2020.06.23"]
[Round "2"]
[White "Zkid"]
[Black "IMDT02"]
[Result "1-0"]
[WhiteElo "2709"]
[BlackElo "2475"]
[TimeControl "180+1"]
[EndTime "10:14:30 PDT"]
[Termination "Zkid won by resignation"]

1. c4 Nf6 2. g3 g6 3. Bg2 Bg7 4. Nf3 O-O 5. O-O d6 6. Nc3 c5 7.
a3 Nc6 8. Rb1 Nd4 9. e3 Nxf3+ 10.
Bxf3 Nd7 11. d4 Rb8 12. b4 cxd4 13. exd4 e5 14. Be3 exd4 15. Bxd4 Ne5 16. Be2 Bh3 17. Re1 Rc8 18. f4 Nxc4 19. Bxg7 Kxg7 20. Qd4+ Qf6 21. Qxf6+ Kxf6 22. Nb5 a6 23. Bxc4 Rxc4 24. Nxd6 Rc2 25. Ne8+ Kf5 26. Re5+ Kg4 27. Nf6+ Kf3 28. Rb3+ 1-0

[Event "*** SCC Grand Prix: Titled Tuesday Blitz"]
[Site "Chess.com"]
[Date "2020.06.23"]
[Round "2"]
[White "cassoulet"]
[Black "ZverevLev"]
[Result "1-0"]
[WhiteElo "2653"]
[BlackElo "2332"]
[TimeControl "180+1"]
[EndTime "10:14:32 PDT"]
[Termination "cassoulet won by checkmate"]

1. e4 e5 2. Nf3 Nc6 3. Bb5 a6 4. Ba4 Nf6 5. O-O Be7 6. Re1 b5 7. Bb3 d6 8. c3 O-O 9. h3 Na5 10. Bc2 c5 11. d3 Nc6 12. Nbd2 h6 13. Nf1 Be6 14. Ng3 Qd7 15. Be3 Rac8 16. d4 cxd4 17. cxd4 exd4 18. Nxd4 Nxd4 19. Bxd4 Rfd8 20. Bb3 Bxb3 21.
Qxb3 Rc4 22. Nf5 d5 23. Qg3 Rxd4 24. Qxg7# 1-0

[Event "*** SCC Grand Prix: Titled Tuesday Blitz"]
[Site "Chess.com"]
[Date "2020.06.23"]
[Round "2"]
[White "AlphaZ3r0"]
[Black "KNCP_719"]
[Result "0-1"]
[WhiteElo "2295"]
[BlackElo "2472"]
[TimeControl "180+1"]
[EndTime "10:14:49 PDT"]
[Termination "KNCP_719 won by resignation"]

1. Nf3 d5 2. c4 c6 3. g3 Nf6 4.
Bg2 Bg4 5. O-O Nbd7 6. h3 Bh5 7. cxd5 cxd5 8. d4 e6 9. Nc3 Bd6 10. b3 O-O 11. Nb5 Be7 12. Bf4 a6 13.
Nd6 Qb6 14. e4 dxe4 15. Nc4 Qd8 0-1

[Event "*** SCC Grand Prix: Titled Tuesday Blitz"]
[Site "Chess.com"]
[Date "2020.06.23"]
[Round "2"]
[White "vova-79"]
[Black "AndreyNeves"]
[Result "1-0"]
[WhiteElo "2432"]
[BlackElo "2195"]
[TimeControl "180+1"]
[EndTime "10:14:50 PDT"]
[Termination "vova-79 won by resignation"]

1. d4 d5 2. c4 e6 3. Nc3 Be7 4. Nf3 Nf6 5. Bf4 O-O 6. e3 c5 7. dxc5 Qa5 8. a3 dxc4 9. Bxc4 Qxc5 10. Qe2 a6 11. O-O Nc6 12. Rac1 b5 13. Nxb5 axb5 14. Bxb5 Qb6 15. Rxc6 1-0

[Event "*** SCC Grand Prix: Titled Tuesday Blitz"]
[Site "Chess.com"]
[Date "2020.06.23"]
[Round "2"]
[White "Khvicha_Supatashvili"]
[Black "crazy_but_lazy"]
[Result "1-0"]
[WhiteElo "2641"]
[BlackElo "2314"]
[TimeControl "180+1"]
[EndTime "10:14:51 PDT"]
[Termination "Khvicha_Supatashvili won by resignation"]

1. d4 Nf6 2. c4 e6 3. Nf3 c5 4.
d5 b5 5. e4 exd5 6. e5 Ng8 7.
Qxd5 Nc6 8. cxb5 Nb4 9. Qxa8 Nc2+ 10. Kd1 Nxa1 11. Nc3 d5 12. Qxd5 Qxd5+ 13. Nxd5 Bf5 14. Ne3 Be4 15. b3 Nh6 16. Bb2 Be7 17. Bxa1 O-O 18.
Bc4 Rd8+ 19. Ke2 1-0

[Event "*** SCC Grand Prix: Titled Tuesday Blitz"]
[Site "Chess.com"]
[Date "2020.06.23"]
[Round "2"]
[White "Igrok3069"]
[Black "Squirlolz"]
[Result "1-0"]
[WhiteElo "2740"]
[BlackElo "2500"]
[TimeControl "180+1"]
[EndTime "10:14:56 PDT"]
[Termination "Igrok3069 won by resignation"]

1. d4 e6 2. c4 b6 3. Nc3 Bb4 4. Qc2 Bb7 5. a3 Bxc3+ 6. Qxc3 f5 7. f3 Nf6 8. Nh3 d6 9. e3 Nbd7 10. Be2 O-O 11. O-O e5 12. b3 Qe7 13. dxe5 dxe5 14. Bb2 Rad8 15. Rad1 a5 16. Rd2 Nc5 17. Rfd1 Rxd2 18.
Rxd2 Rd8 19. Qxe5 Qxe5 20. Rxd8+ Qe8 21. Bxf6 1-0

[Event "*** SCC Grand Prix: Titled Tuesday Blitz"]
[Site "Chess.com"]
[Date "2020.06.23"]
[Round "2"]
[White "GadimbayliA"]
[Black "Fusikk"]
[Result "1-0"]
[WhiteElo "2878"]
[BlackElo "2556"]
[TimeControl "180+1"]
[EndTime "10:14:58 PDT"]
[Termination "GadimbayliA won by resignation"]

1. e4 e6 2. d4 d5 3. Nd2 c5 4. Ngf3 cxd4 5. exd5 Qxd5 6. Bc4 Qd7 7. O-O Nc6 8. Nb3 Nf6 9. Nbxd4 Nxd4 10. Nxd4 a6 11. Re1 b5 12. Bb3 Bb7 13. Bg5 Ne4 14.
Be3 Be7 15. Qg4 h5 16. Qe2 Nc5 17. Rad1 Nxb3 18. axb3 Qd5 19. f3 h4 20. Qf2 h3 21.
Nxe6 fxe6 22. Rxd5 Bxd5 23. Bc5 hxg2 24. Bxe7 Kxe7 25. c4 Bb7 26. Qc5+ Kf7 27. Qc7+ 1-0

[Event "*** SCC Grand Prix: Titled Tuesday Blitz"]
[Site "Chess.com"]
[Date "2020.06.23"]
[Round "2"]
[White "Ze-Pequeno"]
[Black "mbachez"]
[Result "0-1"]
[WhiteElo "2161"]
[BlackElo "2410"]
[TimeControl "180+1"]
[EndTime "10:14:59 PDT"]
[Termination "mbachez won by resignation"]

1. e4 c6 2. d4 d5 3. Nc3 dxe4 4.
Nxe4 Nf6 5. Nxf6+ exf6 6. c3 Bd6 7. Bd3 O-O 8. Qc2 Re8+ 9. Ne2 h6 10. O-O Qc7 11. h3 Nd7 12. Be3 Nf8 13. Rfe1 Be6 14. a3 Rad8 15. Rad1 Qc8 16. Bf4 Bd5 17. Bxd6 Rxd6 18.
Nf4 Ne6 19. Nxd5 cxd5 20. Qd2 a6 21. Re3 g6 22. Rde1 Kg7 23. Bf1 Rdd8 24. g3 Ng5 25.
Rxe8 Nf3+ 0-1

[Event "*** SCC Grand Prix: Titled Tuesday Blitz"]
[Site "Chess.com"]
[Date "2020.06.23"]
[Round "2"]
[White "Gareth-Bale11"]
[Black "AsaHoffmann"]
[Result "1-0"]
[WhiteElo "2741"]
[BlackElo "2340"]
[TimeControl "180+1"]
[EndTime "10:15:06 PDT"]
[Termination "Gareth-Bale11 won by resignation"]

1. d4 Nf6 2. Bf4 d6 3. Nf3 c6 4. h3 Bf5 5. Nbd2 Nbd7 6. c3 e6 7. Qb3 Qb6 8. Nc4 Qxb3 9. axb3 d5 10. Na5 Be7 11. Nxb7 O-O 12. b4 h6 13. e3 Ne8 14.
Na5 Rc8 15. Ba6 Nd6 16. Bxc8 Rxc8 17. Nd2 f6 18. Bxd6 Bxd6 19. Ndb3 e5 20. Nc5 Nb6 21. O-O Kf7 22. Nab7 Bb8 23. Na6 Nc4 24. Nxb8 Rxb8 25. Rxa7 Kg6 26. Na5 Nxb2 27. Nxc6 Rc8 28. Ne7+ 1-0

[Event "*** SCC Grand Prix: Titled Tuesday Blitz"]
[Site "Chess.com"]
[Date "2020.06.23"]
[Round "2"]
[White "Mourinho_Jose"]
[Black "kushagramohan"]
[Result "0-1"]
[WhiteElo "2487"]
[BlackElo "2722"]
[TimeControl "180+1"]
[EndTime "10:15:09 PDT"]
[Termination "kushagramohan won by resignation"]

1. Nf3 Nf6 2. g3 g6 3. Bg2 Bg7 4. O-O c5 5. c4 O-O 6. d4 cxd4 7. Nxd4 Nc6 8. Nc2 d6 9. Nc3 Qa5 10. Qd2 Qh5 11. b3 Ng4 12. h3 Nge5 13. g4 Bxg4 14.
hxg4 Nxg4 15. Re1 Qh4 16. Ne4 f5 17. Ng3 f4 18. Ne4 Bxa1 19. Nxa1 Qh2+ 20. Kf1 Ne3+ 21. Qxe3 0-1

[Event "*** SCC Grand Prix: Titled Tuesday Blitz"]
[Site "Chess.com"]
[Date "2020.06.23"]
[Round "2"]
[White "Sanan_Sjugirov"]
[Black "RitvarsReimanis"]
[Result "1-0"]
[WhiteElo "2857"]
[BlackElo "2555"]
[TimeControl "180+1"]
[EndTime "10:15:11 PDT"]
[Termination "Sanan_Sjugirov won by resignation"]

1. d4 Nf6 2. c4 c6 3. Nf3 d5 4.
e3 e6 5. Bd3 Nbd7 6. b3 a5 7.
O-O a4 8. Bb2 Bd6 9. Nbd2 O-O 10. bxa4 Nb6 11. Rb1 Nxa4 12. Ba1 Qa5 13. Qc2 Bd7 14.
Rxb7 Bb4 15. Nb3 dxc4 16. Nxa5 cxd3 17. Qxa4 1-0

[Event "*** SCC Grand Prix: Titled Tuesday Blitz"]
[Site "Chess.com"]
[Date "2020.06.23"]
[Round "2"]
[White "reutik"]
[Black "JiiHart"]
[Result "1-0"]
[WhiteElo "2418"]
[BlackElo "2177"]
[TimeControl "180+1"]
[EndTime "10:15:12 PDT"]
[Termination "reutik won by resignation"]

1. d4 e6 2. c4 Nf6 3. Nf3 c5 4. d5 exd5 5. cxd5 d6 6. Nc3 g6 7. h3 Bg7 8. Bf4 O-O 9. e3 a6 10. a4 Bf5 11. Nd2 Re8 12. Nc4 Ne4 13. Nxe4 Bxe4 14.
f3 Bf5 15. Kf2 Bxb2 16. Nxb2 1-0

[Event "*** SCC Grand Prix: Titled Tuesday Blitz"]
[Site "Chess.com"]
[Date "2020.06.23"]
[Round "2"]
[White "Belka1989"]
[Black "axlbvRR"]
[Result "1-0"]
[WhiteElo "2354"]
[BlackElo "1867"]
[TimeControl "180+1"]
[EndTime "10:15:13 PDT"]
[Termination "Belka1989 won by checkmate"]

1. d4 e6 2. Nf3 d5 3. Bf4 Bd6 4. Ne5 c5 5. e3 Nf6 6. c3 O-O 7. Nd2 Nc6 8. Bd3 Qe7 9. O-O Bd7 10. Bg3 Rac8 11. f4 Rfe8 12. Bh4 a6 13. Qf3 Qd8 14. g4 Be7 15. Bxf6 Bxf6 16. g5 Be7 17. Bxh7+ Kf8 18.
Qh5 cxd4 19. Qxf7# 1-0

[Event "*** SCC Grand Prix: Titled Tuesday Blitz"]
[Site "Chess.com"]
[Date "2020.06.23"]
[Round "2"]
[White "Twitch_ElhamBlitz05"]
[Black "XiaoKangZhong"]
[Result "1-0"]
[WhiteElo "2766"]
[BlackElo "2409"]
[TimeControl "180+1"]
[EndTime "10:15:14 PDT"]
[Termination "Twitch_ElhamBlitz05 won by resignation"]

1. e4 c6 2. d4 d5 3. Nc3 dxe4 4. Nxe4 Nf6 5. Nxf6+ exf6 6. c3 Bd6 7. Bd3 O-O 8.
Qc2 Re8+ 9. Ne2 h5 10. O-O Qc7 11.
h3 Nd7 12. Re1 Nf8 13. Be3 Bd7 14. Qd2 Rad8 15. Nf4 g6 16. d5 c5 17. c4 Kg7 18.
Re2 Bc8 19. Rae1 Nd7 20. Nxh5+ gxh5 21. Bh6+ Kg8 22. Rxe8+ Rxe8 23. Rxe8+ Nf8 24. Bxf8 Bxf8 25. Qh6 1-0

[Event "*** SCC Grand Prix: Titled Tuesday Blitz"]
[Site "Chess.com"]
[Date "2020.06.23"]
[Round "2"]
[White "MIJUAREZ"]
[Black "MikeSailer"]
[Result "0-1"]
[WhiteElo "2380"]
[BlackElo "2116"]
[TimeControl "180+1"]
[EndTime "10:15:20 PDT"]
[Termination "MikeSailer won on time"]

1. e4 d5 2. exd5 Qxd5 3. Nc3 Qd6 4. Nf3 Nf6 5. d4 c6 6. g3 Bf5 7. Bf4 Qd8 8. Bg2 e6 9. O-O h6 10. Ne5 Be7 11. Qe2 O-O 12. Rad1 Nbd7 13. g4 Bh7 14.
Rfe1 Nd5 0-1

[Event "*** SCC Grand Prix: Titled Tuesday Blitz"]
[Site "Chess.com"]
[Date "2020.06.23"]
[Round "2"]
[White "queen_iryna"]
[Black "saikrishnaReturns"]
[Result "0-1"]
[WhiteElo "2255"]
[BlackElo "2634"]
[TimeControl "180+1"]
[EndTime "10:15:23 PDT"]
[Termination "saikrishnaReturns won by resignation"]

1. d4 Nf6 2. Bg5 c5 3. Bxf6 gxf6 4. d5 Qb6 5. Qc1 f5 6. c4 Bh6 7. e3 d6 8. Nc3 Nd7 9. Nf3 Ne5 10. Nxe5 dxe5 11.
Be2 f4 12. exf4 exf4 13. f3 Rg8 14. Qc2 Rxg2 15. Qxh7 Qxb2 16. Qh8+ Bf8 17. Rb1 Rxe2+ 18. Kf1 Rf2+ 0-1

[Event "*** SCC Grand Prix: Titled Tuesday Blitz"]
[Site "Chess.com"]
[Date "2020.06.23"]
[Round "2"]
[White "JakubPulpan"]
[Black "Savva09022009"]
[Result "1-0"]
[WhiteElo "2685"]
[BlackElo "2431"]
[TimeControl "180+1"]
[EndTime "10:15:24 PDT"]
[Termination "JakubPulpan won by resignation"]

1. e4 c5 2. Nf3 Nc6 3. Bb5 Nf6 4. Bxc6 dxc6 5. d3 Bg4 6. h3 Bxf3 7. Qxf3 e5 8. Nd2 Be7 9. Nc4 Nd7 10. Ne3 O-O 11. Nf5 g6 12. Nxe7+ Qxe7 13. O-O Rfe8 14. Qg3 Nf8 15.
f4 exf4 16. Bxf4 Ne6 17. Bd6 Qd7 18. Be5 Nd4 19. Rf2 Qe6 20. Bxd4 cxd4 21. Raf1 Rf8 22. b3 Kg7 23. Qc7 b5 24. Rf6 Qxf6 25. Rxf6 Kxf6 26. Qxc6+ Kg7 27. Qxb5 Rac8 28. Qe5+ Kg8 29. Qxd4 Rxc2 30. Qxa7 Rfc8 31. e5 Rd2 32. e6 fxe6 33. Qd7 Rcc2 34. Qxe6+ Kg7 35. Qe5+ Kg8 36. Qd5+ Kf8 37. a4 Ra2 38. a5 Ke7 39. a6 Rxa6 40. Qb7+ 1-0

[Event "*** SCC Grand Prix: Titled Tuesday Blitz"]
[Site "Chess.com"]
[Date "2020.06.23"]
[Round "2"]
[White "Superfelix"]
[Black "vitnik2020"]
[Result "1-0"]
[WhiteElo "2471"]
[BlackElo "2295"]
[TimeControl "180+1"]
[EndTime "10:15:29 PDT"]
[Termination "Superfelix won by resignation"]

1. e4 e5 2. Nf3 Nc6 3. g3 Nf6 4. d3 d5 5. exd5 Nxd5 6. Bg2 Be7 7. O-O O-O 8. Nc3 Nxc3 9. bxc3 Bg4 10. Re1 Bd6 11. Rb1 Rb8 12. Re4 f5 13. Rxg4 fxg4 14. Ng5 Qd7 15. Bd5+ Kh8 16. Be6 Qe7 17. Qxg4 Nd8 18.
Bd5 h6 19. Qh5 c6 20. Qg6 1-0

[Event "*** SCC Grand Prix: Titled Tuesday Blitz"]
[Site "Chess.com"]
[Date "2020.06.23"]
[Round "2"]
[White "Gennady_Kozlov"]
[Black "OparinGrigoriy"]
[Result "0-1"]
[WhiteElo "2568"]
[BlackElo "2907"]
[TimeControl "180+1"]
[EndTime "10:15:35 PDT"]
[Termination "OparinGrigoriy won by resignation"]

1. d4 f5 2. Nf3 Nf6 3. g3 d6 4. Bg2 g6 5. O-O Bg7 6. c4 O-O 7. Nc3 c6 8. d5 e5 9. dxe6 Bxe6 10. Qd3 Na6 11. Be3 Nb4 12. Qd2 Bxc4 13. Rfd1 Nbd5 14.
Bg5 Qe8 15. b3 Nxc3 16. Qxc3 Bd5 17. Qb4 Ne4 18. Rac1 c5 19. Qa5 Bc6 20. Bf4 b6 21. Qe1 d5 22. Ng5 Rd8 23. e3 h6 24. Nxe4 fxe4 25. h4 Qe7 0-1

[Event "*** SCC Grand Prix: Titled Tuesday Blitz"]
[Site "Chess.com"]
[Date "2020.06.23"]
[Round "2"]
[White "mfwagnerpeixoto"]
[Black "konradrutkowski"]
[Result "0-1"]
[WhiteElo "2187"]
[BlackElo "2420"]
[TimeControl "180+1"]
[EndTime "10:15:37 PDT"]
[Termination "konradrutkowski won by resignation"]

1. d4 Nf6 2. Nf3 e6 3. c3 c5 4.
Bg5 cxd4 5. cxd4 Be7 6. Nc3 d5 7. e3 O-O 8. Bd3 Nc6 9. O-O b6 10. a3 Bb7 11. Rc1 h6 12. Bh4 Rc8 13. h3 Re8 14. Bb1 Ne4 15. Bxe7 Nxe7 16. Nxe4 dxe4 17. Rxc8 Qxc8 18. Ne5 f6 19. Ng4 Nf5 20. Qa4 Re7 21.
Ba2 h5 22. Nh2 Rc7 23. Qxa7 Bd5 0-1

[Event "*** SCC Grand Prix: Titled Tuesday Blitz"]
[Site "Chess.com"]
[Date "2020.06.23"]
[Round "2"]
[White "ArjunErigaisi2003"]
[Black "aNaartjieZA"]
[Result "1-0"]
[WhiteElo "2912"]
[BlackElo "2570"]
[TimeControl "180+1"]
[EndTime "10:15:40 PDT"]
[Termination "ArjunErigaisi2003 won by resignation"]

1. c4 Nf6 2. Nc3 g6 3. e4 d6 4.
d4 Bg7 5. Be2 O-O 6. Bg5 c5 7.
d5 e6 8. Nf3 h6 9. Be3 exd5 10.
cxd5 Re8 11. Nd2 Nbd7 12. O-O a6 13. a4 Ne5 14. h3 g5 15. f4 gxf4 16. Bxf4 Ng6 17.
Bh2 Ne5 18. Qe1 Kh8 19. Qh4 Ng6 20. Qg3 Ne5 21. Kh1 Rg8 22. Qh4 Ng6 23. Qf2 Rf8 24.
Nc4 Ne8 25. Bh5 Qg5 26. Bxg6 Qxg6 27. e5 dxe5 28. Nxe5 Bxe5 29. Bxe5+ Kh7 30. Qxc5 Rg8 31. Qf2 f6 32. Bh2 Bd7 33. Rae1 Rg7 34. Re3 Rc8 35. Rg3 Qf7 36. Rxg7+ Qxg7 37. Re1 Rc4 38. Bf4 b5 39.
axb5 axb5 40. d6 1-0